[ AOE2 MATCH · #493772335 ]
UnrankedVietnamese vs Portuguese
Player's team · WIN
[ REPLAY ANALYSIS · EXTRACTED FROM THE RECORDED GAME ]
Feudal
14:03
Castle
17:33
Imperial
—
| APM avg | 40.1 |
| APM peak | 74 |
| eAPM avg | 16.6 |
| Villagers / military | 56 / 24 |
Focus
⚔️ 27.7% · 🌾 72.3%
Fishing Ship ×21 · Rattan Archer ×20 · Unknown (2626) ×10 · Battering Ram ×4
Feudal
14:07
Castle
20:46
Imperial
—
| APM avg | 39.2 |
| APM peak | 80 |
| eAPM avg | 19.9 |
| Villagers / military | 52 / 5 |
Focus
⚔️ 43.2% · 🌾 56.8%
Fishing Ship ×15 · Organ Gun ×5 · Unknown (2626) ×4
Match map
Initial resources + every placement click. Lines = walls · curves = elevation contours. ◆ gold · ⬟ stone · ● berries · ✦ relic · ◌ wall gap
Your base· Open — unwalled flank
ranchwalker's base· Open — 3t gap
Smoothed initial terrain · ◌ = detected wall gap · hover for details
Inputs per minute
— vR-MrReD - - ranchwalker
Build order — vR-MrReD
First 150 of 171 actions detected
| 0:11 | Build | Town Center |
| 0:24 | Build | Dock |
| 0:27 | Build | House |
| 0:27 | Build | House |
| 2:16 | Create | Villager (Male) |
| 2:16 | Create | Villager (Male) |
| 2:16 | Create | Villager (Male) |
| 2:17 | Research | Loom |
| 2:18 | Create | Villager (Male) |
| 2:18 | Create | Villager (Male) |
| 2:43 | Create | Villager (Male) |
| 2:43 | Create | Villager (Male) |
| 3:08 | Build | House |
| 4:04 | Create | Villager (Male) |
| 4:04 | Create | Villager (Male) |
| 4:15 | Create | Fishing Ship |
| 4:15 | Create | Fishing Ship |
| 4:52 | Create | Villager (Male) |
| 5:16 | Create | Villager (Male) |
| 5:16 | Create | Villager (Male) |
| 5:43 | Create | Villager (Male) |
| 5:43 | Create | Villager (Male) |
| 5:44 | Create | Fishing Ship |
| 5:44 | Create | Fishing Ship |
| 5:44 | Create | Fishing Ship |
| 6:13 | Create | Villager (Male) |
| 6:13 | Create | Villager (Male) |
| 6:15 | Build | House |
| 6:17 | Build | House |
| 6:36 | Create | Villager (Male) |
| 6:36 | Create | Villager (Male) |
| 6:39 | Create | Fishing Ship |
| 6:39 | Create | Fishing Ship |
| 6:39 | Create | Fishing Ship |
| 7:10 | Create | Villager (Male) |
| 7:10 | Create | Villager (Male) |
| 7:11 | Create | Villager (Male) |
| 7:11 | Create | Villager (Male) |
| 7:19 | Create | Fishing Ship |
| 7:19 | Create | Fishing Ship |
| 7:25 | Build | House |
| 7:42 | Create | Villager (Male) |
| 7:42 | Create | Villager (Male) |
| 7:43 | Create | Villager (Male) |
| 8:06 | Create | Villager (Male) |
| 8:06 | Create | Villager (Male) |
| 8:08 | Create | Fishing Ship |
| 8:08 | Create | Fishing Ship |
| 8:12 | Build | House |
| 8:27 | Create | Villager (Male) |
| 8:28 | Create | Villager (Male) |
| 8:28 | Create | Villager (Male) |
| 8:43 | Create | Villager (Male) |
| 8:43 | Create | Villager (Male) |
| 8:45 | Create | Villager (Male) |
| 8:45 | Create | Villager (Male) |
| 8:46 | Create | Fishing Ship |
| 8:47 | Create | Fishing Ship |
| 8:58 | Build | House |
| 9:10 | Create | Villager (Male) |
| 9:10 | Create | Villager (Male) |
| 9:36 | Build | Mill |
| 9:50 | Create | Villager (Male) |
| 9:50 | Create | Villager (Male) |
| 10:01 | Create | Villager (Male) |
| 10:02 | Create | Fishing Ship |
| 10:02 | Create | Fishing Ship |
| 10:02 | Create | Fishing Ship |
| 10:19 | Build | House |
| 10:20 | Build | House |
| 10:39 | Build | Mining Camp |
| 11:47 | Create | Villager (Male) |
| 11:53 | Research | Feudal Age |
| 11:53 | Research | Feudal Age |
| 12:08 | Create | Fishing Ship |
| 12:09 | Create | Fishing Ship |
| 12:42 | Create | Villager (Male) |
| 12:42 | Create | Villager (Male) |
| 13:13 | Build | Outpost |
| 13:17 | Build | Outpost |
| 14:03 | Age | Feudal Age |
| 14:04 | Build | Market |
| 14:06 | Build | Blacksmith |
| 14:15 | Build | Mining Camp |
| 14:30 | Build | Outpost |
| 14:31 | Build | Outpost |
| 14:40 | Build | Outpost |
| 14:42 | Build | Outpost |
| 14:51 | Research | Castle Age |
| 14:52 | Research | Castle Age |
| 14:59 | Build | Palisade Wall |
| 15:00 | Build | Palisade Wall |
| 15:00 | Build | Palisade Wall |
| 15:04 | Build | Palisade Wall |
| 15:16 | Build | Palisade Wall |
| 15:17 | Build | Palisade Wall |
| 15:37 | Build | Outpost |
| 15:41 | Create | Villager (Male) |
| 15:53 | Create | Unit 2626 |
| 15:54 | Create | Unit 2626 |
| 16:22 | Build | Outpost |
| 16:33 | Research | Fletching |
| 16:33 | Research | Fletching |
| 16:40 | Create | Unit 2626 |
| 16:40 | Create | Unit 2626 |
| 16:48 | Create | Villager (Male) |
| 17:01 | Create | Unit 2626 |
| 17:33 | Age | Castle Age |
| 17:48 | Build | Castle |
| 18:11 | Build | House |
| 18:11 | Build | House |
| 18:12 | Build | House |
| 18:14 | Create | Villager (Male) |
| 18:36 | Create | Villager (Male) |
| 18:50 | Create | Villager (Male) |
| 19:02 | Create | Rattan Archer |
| 19:02 | Create | Rattan Archer |
| 19:13 | Create | Rattan Archer |
| 19:20 | Create | Unit 2626 |
| 19:20 | Create | Unit 2626 |
| 19:30 | Create | Rattan Archer |
| 19:30 | Create | Rattan Archer |
| 19:48 | Build | Palisade Gate |
| 20:03 | Create | Rattan Archer |
| 20:03 | Create | Rattan Archer |
| 20:05 | Create | Villager (Male) |
| 20:36 | Create | Rattan Archer |
| 20:36 | Create | Rattan Archer |
| 20:36 | Create | Rattan Archer |
| 20:57 | Create | Rattan Archer |
| 20:58 | Create | Rattan Archer |
| 20:59 | Create | Rattan Archer |
| 20:59 | Create | Rattan Archer |
| 21:24 | Build | Outpost |
| 21:24 | Build | Outpost |
| 21:40 | Create | Rattan Archer |
| 21:40 | Create | Rattan Archer |
| 22:03 | Create | Villager (Male) |
| 22:03 | Create | Villager (Male) |
| 22:11 | Build | Siege Workshop |
| 22:13 | Create | Villager (Male) |
| 22:28 | Build | Outpost |
| 22:31 | Build | Outpost |
| 22:32 | Build | Outpost |
| 22:33 | Build | Outpost |
| 22:35 | Research | War Galley (upgrade) |
| 22:35 | Research | War Galley (upgrade) |
| 22:44 | Create | Rattan Archer |
| 22:44 | Create | Rattan Archer |
| 22:57 | Build | Lumber Camp |
Build order — ranchwalker
123 actions detected in the replay
| 0:32 | Build | Town Center |
| 0:45 | Build | Dock |
| 0:51 | Build | House |
| 2:42 | Create | Villager (Male) |
| 2:42 | Create | Villager (Male) |
| 2:42 | Create | Villager (Male) |
| 2:42 | Create | Villager (Male) |
| 2:43 | Create | Villager (Male) |
| 3:31 | Create | Villager (Male) |
| 3:31 | Create | Villager (Male) |
| 3:43 | Create | Fishing Ship |
| 3:43 | Create | Fishing Ship |
| 4:35 | Research | Loom |
| 4:44 | Create | Villager (Male) |
| 4:44 | Create | Villager (Male) |
| 4:50 | Create | Fishing Ship |
| 4:50 | Create | Fishing Ship |
| 4:53 | Research | Loom |
| 5:02 | Build | House |
| 5:19 | Create | Villager (Male) |
| 5:19 | Create | Villager (Male) |
| 5:52 | Create | Villager (Male) |
| 5:52 | Create | Villager (Male) |
| 5:54 | Create | Fishing Ship |
| 5:54 | Create | Fishing Ship |
| 5:59 | Build | House |
| 6:12 | Create | Villager (Male) |
| 6:12 | Create | Villager (Male) |
| 6:34 | Create | Villager (Male) |
| 6:34 | Create | Villager (Male) |
| 6:39 | Create | Fishing Ship |
| 6:59 | Create | Villager (Male) |
| 6:59 | Create | Villager (Male) |
| 7:20 | Create | Villager (Male) |
| 7:26 | Create | Fishing Ship |
| 7:26 | Create | Fishing Ship |
| 7:49 | Build | House |
| 7:51 | Create | Villager (Male) |
| 7:51 | Create | Villager (Male) |
| 8:12 | Create | Villager (Male) |
| 8:14 | Create | Fishing Ship |
| 8:36 | Create | Villager (Male) |
| 8:36 | Create | Villager (Male) |
| 8:38 | Create | Villager (Male) |
| 8:38 | Create | Villager (Male) |
| 8:56 | Create | Fishing Ship |
| 8:59 | Create | Villager (Male) |
| 9:16 | Build | House |
| 9:42 | Create | Villager (Male) |
| 9:56 | Create | Fishing Ship |
| 10:07 | Build | Lumber Camp |
| 10:09 | Create | Villager (Male) |
| 10:28 | Build | Dock |
| 10:49 | Build | House |
| 11:21 | Create | Villager (Male) |
| 11:46 | Build | House |
| 11:57 | Research | Feudal Age |
| 12:09 | Build | Outpost |
| 12:15 | Build | Outpost |
| 12:19 | Build | House |
| 12:39 | Build | Mining Camp |
| 12:45 | Build | Outpost |
| 13:07 | Create | Fishing Ship |
| 13:07 | Create | Fishing Ship |
| 13:17 | Build | Outpost |
| 13:21 | Create | Villager (Male) |
| 13:28 | Build | Dock |
| 13:37 | Create | Fishing Ship |
| 13:50 | Build | Outpost |
| 14:07 | Age | Feudal Age |
| 14:23 | Create | Unit 2626 |
| 14:23 | Create | Unit 2626 |
| 14:28 | Research | Double-Bit Axe |
| 14:28 | Research | Double-Bit Axe |
| 14:41 | Create | Villager (Male) |
| 14:43 | Create | Villager (Male) |
| 14:46 | Build | Mining Camp |
| 15:30 | Research | Tech 906 |
| 15:31 | Create | Villager (Male) |
| 15:35 | Create | Villager (Male) |
| 15:50 | Create | Villager (Male) |
| 16:15 | Create | Unit 2626 |
| 16:15 | Create | Unit 2626 |
| 16:18 | Create | Villager (Male) |
| 16:25 | Build | Mill |
| 16:35 | Build | Blacksmith |
| 16:37 | Create | Villager (Male) |
| 16:38 | Create | Villager (Male) |
| 17:19 | Build | Market |
| 17:19 | Create | Villager (Male) |
| 18:02 | Build | House |
| 18:06 | Research | Castle Age |
| 18:06 | Research | Castle Age |
| 18:23 | Build | Watch Tower |
| 18:37 | Build | Lumber Camp |
| 18:38 | Create | Villager (Male) |
| 18:44 | Create | Villager (Male) |
| 19:16 | Create | Villager (Male) |
| 19:16 | Create | Villager (Male) |
| 19:33 | Create | Villager (Male) |
| 19:52 | Research | Stone Mining |
| 19:52 | Research | Stone Mining |
| 20:05 | Build | Mining Camp |
| 20:24 | Create | Villager (Male) |
| 20:36 | Build | Mining Camp |
| 20:43 | Create | Villager (Male) |
| 20:46 | Age | Castle Age |
| 20:53 | Create | Villager (Male) |
| 20:53 | Create | Villager (Male) |
| 20:57 | Build | House |
| 20:58 | Build | Palisade Wall |
| 21:03 | Build | Palisade Wall |
| 21:10 | Build | Castle |
| 21:47 | Create | Villager (Male) |
| 21:48 | Create | Villager (Male) |
| 22:00 | Create | Organ Gun |
| 22:00 | Create | Organ Gun |
| 22:01 | Create | Organ Gun |
| 22:20 | Research | Fletching |
| 23:21 | Create | Organ Gun |
| 23:21 | Create | Organ Gun |
| 24:28 | Build | Dock |
| 24:58 | Build | Town Center |
Match timeline
| 0:24 | vR-MrReD · first_building Dock |
| 0:45 | ranchwalker · first_building Dock |
| 14:03 | vR-MrReD · age_up feudal |
| 14:07 | ranchwalker · age_up feudal |
| 14:59 | vR-MrReD · wall_segment Palisade Wall x1 |
| 15:00 | vR-MrReD · wall_segment Palisade Wall x1 |
| 15:00 | vR-MrReD · wall_segment Palisade Wall x1 |
| 15:04 | vR-MrReD · wall_segment Palisade Wall x10 |
| 15:16 | vR-MrReD · wall_segment Palisade Wall x5 |
| 15:17 | vR-MrReD · wall_segment Palisade Wall x1 |
| 17:33 | vR-MrReD · age_up castle |
| 17:48 | vR-MrReD · first_building Castle |
| 19:00 | vR-MrReD · first_market_buy 100 wood |
| 20:46 | ranchwalker · age_up castle |
| 20:58 | ranchwalker · wall_segment Palisade Wall x1 |
| 21:03 | ranchwalker · wall_segment Palisade Wall x1 |
| 21:10 | ranchwalker · first_building Castle |
| 22:11 | vR-MrReD · first_building Siege Workshop |
| 25:36 | ranchwalker · resign |
[ AI ANALYSIS · 1 CREDIT ]
What really happened in this match?
Wolo.gg analyzes every decision: build order, eco, micro, common mistakes by bracket. Personalized analysis on WhatsApp or Discord in 30 seconds.
Civ guide
Vietnamese
Perfil
vR-MrReD